AoeStats
← Leão

MegaRandom

508090259Analyzed
2v2 RM · 11d ago on Sep 20, 2026· 40m 10s· 4 players
Game mode
Random Map
Map size
Medium (4 player)
Population
200
Speed
Normal
Resources
Standard
Victory
Conquest
Starting age
Dark Age
Ending age
Imperial Age
RankedLock teamsTeams togetherTeam positionsShared explorationLock speedFull tech treeHidden civsTurbo modeCheats
Victory
Defeat
🇺🇸 Slavs · United States
1382
+13
🇺🇸 Muisca · United States
1202
+21
🇧🇷 Britons · Brazil
1326
-18
🇧🇷 Magyars · Brazil
1301
-16
Thomas the Train
7:00 Loom
11:19 Feudal Age
13:32 Double-Bit Axe
13:29 Horse Collar
17:15 Bloodlines
19:27 Castle Age
17:38 Scale Barding Armor
19:30 Light Cavalry
20:38 Chain Barding Armor
20:27 Fishing Lines
21:02 Bow Saw
22:50 Forging
22:36 Gillnets
28:50 Iron Casting
28:53 Wheelbarrow
34:01 Husbandry
37:05 Imperial Age
35:31 Fletching
37:47 Hussar
39:04 Plate Barding Armor
38:25 Bodkin Arrow
39:32 Conscription
40:19 Hand Cart
39:49 Town Watch
SpacyBabushka
11:42 Feudal Age
11:21 Loom
15:56 Castle Age
16:06 Fletching
17:47 Double-Bit Axe
18:06 Bodkin Arrow
19:05 Bow Saw
20:20 Crossbowman
22:13 Horse Collar
24:50 Wheelbarrow
25:16 Gold Mining
25:46 Fervor
25:57 Town Watch
26:32 Hand Cart
26:49 Ballistics
27:47 Heavy Plow
28:25 Gold Shaft Mining
30:03 Thumb Ring
30:36 Elite Skirmisher
35:32 Imperial Age
34:09 Herbalism
37:06 Conscription
37:26 Hoardings
36:27 Arbalester
37:11 Bracer
38:12 Padded Archer Armor
Leão
9:56 Loom
11:57 Feudal Age
16:43 Castle Age
14:35 Double-Bit Axe
16:29 Fletching
16:53 Crossbowman
18:48 Bow Saw
23:40 Padded Archer Armor
24:07 Town Watch
25:29 Horse Collar
26:34 Bodkin Arrow
28:12 Leather Archer Armor
29:49 Ballistics
32:43 Gold Mining
32:44 Stone Mining
37:21 Gold Shaft Mining
38:56 Wheelbarrow
40:57 Imperial Age
KID EmSexto
11:19 Feudal Age
15:24 Castle Age
13:24 Double-Bit Axe
13:31 Horse Collar
16:14 Bow Saw
16:28 Loom
19:53 Wheelbarrow
22:31 Scale Mail Armor
23:17 Pikeman
30:15 Stone Mining
32:18 Gold Mining
34:14 Hand Cart
34:26 Bloodlines
34:57 Husbandry
35:48 Heavy Plow
40:54 Imperial Age
Connection lost

Rejoining the realm…

Still unreachable

The connection could not be restored.

Session expired

The server has moved on; the page needs a fresh start.